 Dungeon Crawl Stone Soup version 0.31.0-12-g77e489cdc1 (webtiles) character file.

Game seed: 9337834229214986984

12786 Thijs the Fighter (level 11, -5/78 HPs)
             Began as a Tengu Summoner on Mar 4, 2024.
             Was a Follower of Ru.
             Slain by a red ugly thing (20 damage)
             ... on level 11 of the Dungeon.
             The game lasted 00:25:45 (12017 turns).

Thijs the Fighter (Tengu Summoner)                 Turns: 12017, Time: 00:25:45

Health: -5/78      AC: 10    Str:  9    XL:     11   Next: 98%
Magic:  21/26      EV: 36    Int: 29    God:    Ru [*.....]
Gold:   692        SH:  0    Dex: 15    Spells: 7/16 levels left

rFire   . . .        s - +2 dagger (drain)
rCold   . . .        (no shield)
rNeg    . . .        A - +1 steam dragon scales
rPois   .            (helmet restricted)
rElec   .            f - +2 cloak "Juocanke" {Int+4}
rCorr   .            m - +0 pair of gloves
SInv    .            (boots unavailable)
Will    .....        (no amulet)
Stlth   +++          M - ring of magical power
HPRegen 0.33/turn    I - +6 ring of intelligence
MPRegen 0.20/turn

%: acrobat
@: acrobatic, flying, inugami summoned
A: beak, talons 3, inability to train armour, evasive flight, acrobatic
a: Renounce Religion


You were on level 11 of the Dungeon.
You worshipped Ru.
Ru was aware of your devotion.
You visited 2 branches of the dungeon, and saw 12 of its levels.
You also visited: Sewer.

You collected 788 gold pieces.
You spent 96 gold pieces at shops.


Innate Abilities, Weirdness & Mutations

You have a beak for a mouth.
You have claws for feet.
You cannot train Armour skill.
Your magical flight helps you evade attacks. (EV +4)
You can magically evade attacks while moving or waiting.


   Skills:
 - Level 13.0 Fighting
 - Level 10.0 Dodging
 - Level 5.0 Stealth
 + Level 3.3 Spellcasting
 - Level 12.0 Summonings
 - Level 7.9 Air Magic


You had 7 spell levels left.
You knew the following spells:

 Your Spells              Type           Power      Damage    Failure   Level
c - Call Imp              Summ           100%       N/A       1%          2
f - Call Canine Familiar  Summ           65%        N/A       1%          3
l - Summon Lightning Spi  Summ/Air       58%        N/A       1%          4

Your spell library contained the following spells:

 Spells                   Type           Power      Damage    Failure   Level
 Summon Small Mammal      Summ           100%       N/A       1%          1
 Mercury Vapours          Alch/Air       54%        N/A       2%          2
 Martyr's Knell           Necr/Summ      39%        N/A       6%          4
 Summon Blazeheart Golem  Fire/Summ      39%        N/A       6%          4
 Necrotise                Necr           16%        1d4       8%          1
 Sting                    Conj/Alch      16%        1d4       8%          1
 Blink                    Tloc           8%         N/A       11%         2
 Jinxbite                 Hex            8%         N/A       11%         2
 Lesser Beckoning         Tloc           8%         N/A       11%         2
 Momentum Strike          Conj/Tloc      8%         3d8       11%         2
 Gell's Gravitas          Tloc           4%         N/A       22%         3
 Teleport Other           Tloc           4%         N/A       22%         3
 Vampiric Draining        Necr           4%         2d6       22%         3
 Olgreb's Toxic Radiance  Alch           4%         N/A       58%         4
 Curse of Agony           Necr           4%         N/A       90%         5
 Yara's Violent Unravell  Hex/Alch       2%         3d3       90%         5
 Dispersal                Tloc           2%         N/A       100%        6
 Enfeeble                 Hex            2%         N/A       100%        7

Inventory:

Hand Weapons
 s - a +2 dagger of draining (weapon)
 t - a +4 dagger
Missiles
 r - 6 darts of dispersal {=f}
 H - a throwing net {=f}
Armour
 f - the +2 cloak "Juocanke" (worn) {Int+4}
   (You found it on level 2 of the Dungeon)

   Int+4:     It affects your intelligence (+4).
 j - a +0 robe
 m - a +0 pair of gloves (worn)
 A - +1 steam dragon scales (worn)
Magical Staves
 y - a staff of alchemy {!a}
Jewellery
 v - a ring of see invisible
 C - a ring of ice
 I - a +6 ring of intelligence (right hand)
 M - a ring of magical power (left hand)
Wands
 D - a wand of mindburst (10)
 E - a wand of polymorph (6)
 F - a wand of paralysis (1)
Scrolls
 e - a scroll of teleportation {@r2}
 l - 2 scrolls of immolation
 n - 2 scrolls of amnesia
 p - a scroll of enchant armour
 q - a scroll of revelation
 u - 2 scrolls of torment
 x - 2 scrolls of vulnerability
 z - a scroll of acquirement {unknown}
 B - a scroll of fog
 G - a scroll of silence {!r}
Potions
 a - 3 potions of attraction
 b - a potion of magic
 c - 4 potions of curing {@q1}
 d - a potion of brilliance
 g - 3 potions of might
 h - 9 potions of ambrosia
 i - 2 potions of haste {@q3}
 k - 2 potions of heal wounds {@q2}
 o - 3 potions of mutation
 w - 2 potions of resistance

Dungeon Overview and Level Annotations

Branches:
Dungeon (11/15)            Temple (1/1) D:7            Lair (0/5) D:8
    Orc (0/2) D:9           Sewer (visited)

Altars:
Ashenzari
Cheibriados
Dithmenos
Elyvilon
Fedhas
Gozag
Hepliaklqana
Kikubaaqudgha
Makhleb
Nemelex Xobeh
Okawaru
Qazlal
Ru
Sif Muna
Trog
Uskayaw
Vehumet
Wu Jian
Xom
Yredelemnul
Zin
The Shining One

Shops:
D:2 ?   D:4 * D:6

* #........####
##.......#..###
##..............
.c...........!..
...........u..
...........#
.........#
.......).## ##.
^......8@u###....
........#h.......
.##.....#<.......
................
.........W.......
.............[...
.................
................
..............<


You could see a red ugly thing (drained, ally target), a wraith, a centaur
(asleep), a friendly lightning spire (summoned) and a friendly inugami
(summoned).


Message History

A wraith comes into view.
You barely miss the red ugly thing. Your kick misses the red ugly thing.
The red ugly thing is lightly wounded.
The red ugly thing engulfs you.
You are engulfed in flames!!
Your inugami misses the red ugly thing.
Unknown command.
You hit the red ugly thing. You drain the red ugly thing.
The red ugly thing is moderately wounded.
The red ugly thing barely misses you.
Your inugami hits the red ugly thing.
Unknown command.
You hit the red ugly thing. You claw the red ugly thing.
You peck the red ugly thing, but do no damage.
The red ugly thing is moderately wounded.
The red ugly thing misses you.
Your inugami hits the red ugly thing!
Unknown command.
You hit the red ugly thing. Your kick misses the red ugly thing.
The red ugly thing is heavily wounded.
The red ugly thing engulfs you!
You are engulfed in flames!!
* * * LOW HITPOINT WARNING * * *
Your inugami hits the red ugly thing.
Unknown command.
You are too injured to fight recklessly!
Unknown command.
You are too injured to fight recklessly!
Unknown command.
Unknown command.
The red ugly thing engulfs you!
* * * LOW HITPOINT WARNING * * *
You are engulfed in flames!!
You die...

Skill      XL: |  1  2  3  4  5  6  7  8  9 10 11 |
---------------+----------------------------------+-----
Fighting       | 1 2 3 4 5 8 9 10 13 | 13.0
Summonings     | 5 6 8 11 12 | 12.0
Spellcasting   | 3 |  3.3
Air Magic      | 4 7 |  7.9
Dodging        | 7 8 10 | 10.0
Stealth        | 5 |  5.0

Action                     |  1- 3 |  4- 6 |  7- 9 | 10-12 || total
---------------------------+-------+-------+-------+-------++-------
  Melee: Unarmed           |    18 |       |       |       ||    18
         Kick              |    17 |    25 |    60 |    83 ||   185
         Peck              |     6 |    22 |    38 |    47 ||   113
         Dagger            |    48 |   128 |   186 |   219 ||   581
         Club              |     3 |       |       |       ||     3
         Punch             |       |     2 |       |     3 ||     5
   Cast: Summon Small Mamm |    19 |       |     1 |       ||    20
         Call Imp          |     6 |     6 |     6 |     4 ||    22
         Call Canine Famil |       |     7 |     9 |    16 ||    32
         Summon Lightning  |       |       |    13 |    38 ||    51
 Invoke: Sacrifice Durabil |       |       |       |     1 ||     1
    Use: Scroll            |       |     6 |     5 |     9 ||    20
         Potion            |       |       |     1 |     1 ||     2
   Stab: Sleeping          |     3 |     2 |     9 |     2 ||    16
         Distracted        |       |       |     2 |    11 ||    13
         Invisible         |       |       |       |     2 ||     2
 Armour: Robe              |    45 |    61 |    66 |       ||   172
         Steam dragon scal |       |       |     3 |   100 ||   103
  Dodge: Dodged            |    78 |   109 |   164 |   325 ||   676

Levels and vault maps discovered:
D:1:      mainiacjoe_arrival_reflecting_pool, layout_basic, serial_glass,
          glass_columns_b, glass_columns_b, due_unseen_surprise,
          feat_on_display, feat_on_display, bh_walls_and_bars
D:2:      layout_loops_ring, serial_shops, shop, serial_glass, glass_columns_b,
          glass_columns_b, glass_columns_a, glass_columns_b, glass_columns_a,
          glass_columns_c, uniq_sigmund
D:3:      layout_loops_ring, ashenzari_altar_1, portal_sewer_entry_f,
          minmay_misc_feat_tower, kennysheep_nub
D:4:      layout_loops_ring, serial_shops, nicolae_shop_hallway_plus
D:5:      layout_cave_pods, kiku_gazebo_garden_becter
D:6:      layout_basic, lemuel_doored_altar, serial_shops,
          nicolae_stop_n_shop_2, serial_library,
          serial_library_hellmonk_small_alcove,
          serial_library_hellmonk_angled_corner,
          serial_library_hellmonk_angled_corner,
          serial_library_hellmonk_double_dead_end,
          serial_library_hellmonk_open_cross,
          serial_library_hellmonk_filled_rooms, uniq_eustachio, uniq_menkaure
D:7:      layout_basic, mainiacjoe_overflow_catwalk,
          minmay_temple_entry_junction, uniq_duvessa, uniq_maggie, uniq_maurice
D:8:      layout_rooms, mainiacjoe_overflow_small_starburst,
          nicolae_overflow_hidden_temple, yredelemnul_altar_generic,
          david_lair_generic, serial_bayou_pond_a
D:9:      layout_roguey [special_room_bee], mainiacjoe_overflow_alcove_2,
          nicolae_qazlal_general_emergency, tso_metal_star,
          kennysheep_slug_shrine, orc_david_3, uniq_harold
D:10:     layout_grid_maze, minmay_ruffians
D:11:     layout_cave_pools, portal_ice_cave_entry_ice_simulacra, uniq_lodul
Temple:   nicolae_temple_bog_church

Notes
Turn   | Place    | Note
-------+----------+-------------------------------------------
     0 | D:1      | Thijs the Tengu Summoner began the quest for the Orb.
     0 | D:1      | Reached XP level 1. HP: 10/10 MP: 4/4
   223 | D:1      | Reached skill level 1 in Fighting
   410 | D:1      | Reached XP level 2. HP: 15/16 MP: 3/6
   450 | D:1      | Reached skill level 2 in Fighting
   540 | D:1      | Reached skill level 5 in Summonings
   543 | D:1      | Learned a level 2 spell: Call Imp
   848 | D:1      | Reached XP level 3. HP: 22/22 MP: 7/7
  1147 | D:2      | Noticed Sigmund
  1199 | D:2      | Reached skill level 3 in Fighting
  1203 | D:2      | Learned a level 3 spell: Call Canine Familiar
  1569 | D:2      | Reached XP level 4. HP: 23/28 MP: 5/8
  1671 | D:2      | Identified the +2 cloak "Juocanke" {Int+4}
  1918 | D:2      | Found Jagoulof's Magic Scroll Emporium.
  1924 | D:2      | Bought a scroll of identify for 26 gold pieces
  2235 | D:3      | Reached skill level 6 in Summonings
  2235 | D:3      | Reached XP level 5. HP: 32/32 MP: 9/9
  2386 | D:3      | Found a broken altar of Ashenzari.
  2438 | D:3      | Found a glowing drain.
  2480 | Sewer    | Entered a sewer
  2493 | Sewer    | Reached skill level 4 in Fighting
  2551 | Sewer    | Noticed a kobold brigand
  2568 | Sewer    | Killed a kobold brigand
  2569 | Sewer    | Reached XP level 6. HP: 33/40 MP: 10/10
  2625 | Sewer    | Reached skill level 5 in Fighting
  3462 | D:3      | You fall into a shaft and drop 2 floors!
  3462 | D:5      | Entered Level 5 of the Dungeon
  3504 | D:5      | Reached skill level 3 in Spellcasting
  3504 | D:5      | Gained mutation: Your magical flight helps you evade
                  | attacks. (EV +4) [Tengu growth]
  3504 | D:5      | Reached XP level 7. HP: 41/44 MP: 12/12
  3509 | D:5      | Learned a level 4 spell: Summon Lightning Spire
  3594 | D:5      | Reached skill level 7 in Summonings
  3594 | D:5      | Reached skill level 1 in Air Magic
  3672 | D:5      | Reached skill level 2 in Air Magic
  3966 | D:5      | Reached skill level 3 in Air Magic
  4131 | D:4      | Found Hoezuk's Assorted Antiques.
  4137 | D:4      | Bought a scroll of identify for 46 gold pieces
  4247 | D:4      | Reached skill level 8 in Summonings
  4247 | D:4      | Reached skill level 4 in Air Magic
  4428 | D:4      | Reached XP level 8. HP: 49/49 MP: 13/13
  4608 | D:4      | Identified a potion of resistance
  4609 | D:4      | Identified a potion of experience
  4633 | D:4      | Reached skill level 8 in Fighting
  4633 | D:4      | Reached skill level 7 in Dodging
  4633 | D:4      | Reached skill level 11 in Summonings
  4633 | D:4      | Reached skill level 7 in Air Magic
  4633 | D:4      | Reached XP level 9. HP: 60/60 MP: 14/14
  5390 | D:3      | Found a broken altar of Ashenzari.
  5821 | D:2      | Killed Sigmund
  6104 | D:5      | Found an ancient bone altar of Kikubaaqudgha.
  6546 | D:6      | Noticed Eustachio
  6568 | D:6      | Killed Eustachio
  6569 | D:6      | Reached skill level 12 in Summonings
  7183 | D:6      | Reached skill level 9 in Fighting
  7247 | D:6      | Found Xoyme's General Store.
  7303 | D:6      | Bought a scroll of identify for 24 gold pieces
  7432 | D:6      | Found a burning altar of Makhleb.
  7445 | D:6      | Noticed Menkaure
  7453 | D:6      | Killed Menkaure
  7454 | D:6      | Reached skill level 8 in Dodging
  7606 | D:7      | Noticed Maggie
  7617 | D:7      | Killed Maggie
  7710 | D:7      | Found a shimmering blue altar of Sif Muna.
  7761 | D:7      | Found a staircase to the Ecumenical Temple.
  7779 | D:7      | Reached XP level 10. HP: 66/66 MP: 15/15
  7847 | Temple   | Entered the Ecumenical Temple
  7862 | Temple   | Became a worshipper of Ru the Awakened
  7902 | D:7      | Reached skill level 9 in Dodging
  7966 | D:7      | Noticed Duvessa
  7972 | D:7      | Noticed Dowan
  7974 | D:7      | Killed Duvessa
  7977 | D:7      | Killed Dowan
  8110 | D:7      | Noticed Maurice
  8112 | D:7      | Maurice stole a ring of ice
  8116 | D:7      | Something stole a +4 dagger
  8123 | D:7      | Something stole 6 darts of dispersal {=f}
  8124 | D:7      | Something stole 173 gold
  8124 | D:7      | Killed Maurice
  8283 | D:7      | Reached skill level 10 in Dodging
  8928 | D:8      | Reached skill level 3 in Stealth
  9054 | D:8      | Noticed an elephant
  9069 | D:8      | Killed an elephant
  9070 | D:8      | Reached skill level 4 in Stealth
  9104 | D:8      | Noticed a death yak
  9121 | D:8      | Killed a death yak
  9122 | D:8      | Reached skill level 5 in Stealth
  9233 | D:8      | Found a staircase to the Lair.
  9325 | D:8      | Found an ornate altar of the Wu Jian Council.
  9428 | D:8      | Found a sparkling altar of Nemelex Xobeh.
  9440 | D:8      | Found a basalt altar of Yredelemnul.
  9745 | D:9      | Noticed a two-headed ogre
  9753 | D:9      | Killed a two-headed ogre
  9754 | D:9      | Reached skill level 10 in Fighting
  9754 | D:9      | Reached XP level 11. HP: 72/72 MP: 16/16
  9857 | D:9      | Found a hide-covered altar of Uskayaw.
  9887 | D:9      | Found a stormy altar of Qazlal.
 10025 | D:9      | Noticed Harold
 10037 | D:9      | Killed Harold
 10112 | D:9      | Found a staircase to the Orcish Mines.
 10134 | D:9      | Reached skill level 11 in Fighting
 10355 | D:9      | Found a snail-covered altar of Cheibriados.
 10415 | D:9      | Found a glowing golden altar of the Shining One.
 10562 | D:9      | Reached skill level 12 in Fighting
 10662 | D:9      | Noticed a two-headed ogre
 10671 | D:9      | Killed a two-headed ogre
 10996 | D:10     | Entered Level 10 of the Dungeon
 11402 | D:10     | Identified the +0 ring mail of the Sparrow {rC+}
 11407 | D:10     | Reached skill level 13 in Fighting
 11673 | D:10     | Gained mutation: You cannot train Armour skill. [Ru
                  | sacrifice]
 11673 | D:10     | Reached * piety under Ru
 12005 | D:11     | Noticed a red ugly thing
 12017 | D:11     | Slain by a red ugly thing

Vanquished Creatures
  A two-headed ogre (D:9)
  Maggie (D:7)
  Sigmund (D:2)
  5 yaks
  3 humans (D:10)
  An acid dragon (D:9)
  An ice beast (D:8)
  An orc warrior (D:9)
  2 ogres
  4 centaurs
  A phantom (D:7)
  A bullfrog (D:6)
  A brain worm (Sewer)
  A wight (D:8)
  6 killer bees (D:9)
  A howler monkey (D:8)
  2 hounds
  A bombardier beetle (D:5)
  A gnoll bouda (D:6)
  3 orc priests
  4 sleepcaps
  6 orc wizards
  3 gnolls
  12 adders
  3 river rats (Sewer)
  2 white imps (D:7)
  A dart slug (D:9)
  2 ribbon worms (D:2)
  17 orcs
  11 ball pythons
  7 endoplasms
  4 giant cockroaches
  7 goblins
  8 hobgoblins
  10 jackals
  4 kobolds
  4 quokkas
  4 bats
  3 frilled lizards
150 creatures vanquished.

Vanquished Creatures (collateral kills)
  Harold (D:9)
  A two-headed ogre (D:9)
  A death yak (D:8)
  Maurice (D:7)
  An elephant (D:8)
  A queen bee (D:9)
  A hornet (D:7)
  A wyvern (D:7)
  Eustachio (D:6)
  7 yaks
  2 basilisks (D:8)
  A human (D:10)
  Menkaure (D:6)
  2 water moccasins
  An ice beast (D:7)
  3 orc warriors
  Duvessa (D:7)
  2 centaurs
  2 kobold brigands
  A bullfrog (D:8)
  A brain worm (Sewer)
  A gnoll sergeant (D:9)
  A scorpion (D:6)
  4 wights (D:8)
  Dowan (D:7)
  26 killer bees
  A jelly (D:8)
  2 orc priests (D:7)
  2 iguanas (D:5)
  5 orc wizards
  9 gnolls
  A river rat (Sewer)
  4 ufetubi
  16 orcs
  2 ball pythons (Sewer)
  2 bats
  A goblin (D:1)
  A hobgoblin (D:1)
  3 jackals
  6 frilled lizards
  7 kobolds
  A rat (D:1)
129 creatures vanquished.

Grand Total: 279 creatures vanquished

Table legend: (Time is in decaauts)
 A = Elapsed time spent in this place.
 B = Non-inter-level travel time spent in this place.
 C = Inter-level travel time spent in this place.
 D = Time resting spent in this place.
 E = Time spent auto-exploring this place.
 F = Levels seen in this place.
 G = Mean time per level.
                   A        B        C        D        E       F      G
               +--------+--------+--------+--------+--------+-----+--------+
         Total |  12199 |  11644 |    555 |   1475 |   8010 |  13 |  938.4 |
       Dungeon |  11213 |  10683 |    530 |   1459 |   7282 |  11 | 1019.4 |
        Temple |     30 |      6 |     24 |      0 |      0 |   1 |   30.0 |
         Sewer |    954 |    954 |      0 |     16 |    728 |   1 |  954.0 |
               +--------+--------+--------+--------+--------+-----+--------+

Top non-repeatable levels by time:
     D:3: 1473 daAuts
     D:7: 1279 daAuts
     D:9: 1263 daAuts
     D:2: 1175 daAuts
     D:6: 1108 daAuts
     D:5: 1093 daAuts
     D:1: 1032 daAuts
    D:10: 1003 daAuts
   Sewer: 954 daAuts
     D:4: 951 daAuts
     D:8: 815 daAuts
  Temple: 30 daAuts
    D:11: 15 daAuts

Table legend:
 A = Non-vault XP
 B = Vault XP
 C = Vault XP percentage of total XP
 D = Non-vault monster count
 E = Vault monster count
 F = Vault count percentage of total count
                 A         B        C        D         E       F
            +---------+---------+-------+---------+---------+-------
      Total |    9505 |    7535 |  44.2 |     205 |      74 |  26.5
            +---------+---------+-------+---------+---------+-------
        D:1 |      37 |       0 |   0.0 |      22 |       0 |   0.0
        D:2 |      82 |     223 |  73.1 |      18 |       1 |   5.3
        D:3 |      93 |       8 |   7.9 |      15 |       4 |  21.1
        D:4 |     284 |       0 |   0.0 |      32 |       0 |   0.0
        D:5 |     469 |       0 |   0.0 |      10 |       0 |   0.0
        D:6 |     783 |     375 |  32.4 |      22 |       2 |   8.3
        D:7 |    1232 |    1121 |  47.6 |      31 |       4 |  11.4
        D:8 |    1017 |    1650 |  61.9 |      15 |       4 |  21.1
        D:9 |    4057 |    2984 |  42.4 |      23 |      31 |  57.4
       D:10 |    1451 |     790 |  35.3 |      17 |       4 |  19.0
      Sewer |       0 |     384 | 100.0 |       0 |      24 | 100.0
            +---------+---------+-------+---------+---------+-------
